 Dungeon Crawl Stone Soup version 0.29-a0-581-ge9a90b782e (webtiles) character file.

Game seed: 17980206621971814931

725 KristoblXynda the Slasher (level 7, -2/61 HPs)
             Began as a Black Draconian Gladiator on June 14, 2022.
             Was an Initiate of Gozag.
             Killed themself with a badly aimed orb of electricity (8 damage)
             ... in a bailey.
             The game lasted 00:04:41 (6163 turns).

KristoblXynda the Slasher (DrGl)                    Turns: 6163, Time: 00:04:41

Health: -2/61      AC:  8    Str: 16    XL:     7   Next: 43%
Magic:  7/7        EV: 13    Int:  9    God:    Gozag
Gold:   203        SH:  0    Dex: 14    Spells: 6/6 levels left

rFire   . . .      SeeInvis .   f - +1 scimitar
rCold   . . .      Faith    .   (no shield)
rNeg    . . .      Spirit   .   (body armour unavailable)
rPois   .          Reflect  .   b - +1 hat
rElec   +          Harm     .   (no cloak)
rCorr   .          Rampage  .   (no gloves)
Will    .....                   t - +0 pair of boots
Stlth   +.........              (no amulet)
HPRegen 0.20/turn               (no ring)
MPRegen 0.10/turn               (no ring)

@: gold aura
A: breathe lightning, AC +6, unfitting armour, electricity resistance,
cold-blooded
a: Breathe Lightning, Renounce Religion, Potion Petition, Call Merchant, Bribe
Branch


You were in a bailey.
You worshipped Gozag.
Gozag was aware of your devotion.
You visited 2 branches of the dungeon, and saw 6 of its levels.
You also visited: Bailey.

You collected 313 gold pieces.
You paid 110 gold pieces to Gozag.

Inventory:

Hand Weapons
 f - a +1 scimitar (weapon)
Missiles
 c - a throwing net (quivered)
 d - a javelin
Armour
 b - a +1 hat (worn)
 t - a +0 pair of boots (worn)
Scrolls
 e - 3 scrolls of enchant armour
 h - a scroll of identify {unknown}
 j - a scroll of fog
 k - 3 scrolls of teleportation
 r - 2 scrolls of poison
Potions
 g - a potion of haste {unknown}
 l - a potion of berserk rage {unknown}
 m - a potion of heal wounds {unknown}
 o - 3 potions of curing
 q - a potion of might {unknown}
 s - a potion of mutation {unknown}
 u - a potion of flight {unknown}
 w - a potion of cancellation {unknown}


   Skills:
 + Level 5.0 Fighting
 * Level 6.4 Long Blades
 - Level 2.0 Throwing
 + Level 4.5 Dodging


You had 6 spell levels left.
You didn't know any spells.
Your spell library contained the following spells:

 Spells                   Type           Power      Damage    Failure   Level
 Ozocubu's Armour         Ice            0%         N/A       77%         3
 Ozocubu's Refrigeration  Ice            0%         4d5       100%        7


Dungeon Overview and Level Annotations

Branches:
Dungeon (7/15)             Temple (1/1) D:7          Bailey (1/1)

Altars:
Ashenzari
Cheibriados
Dithmenos
Elyvilon
Fedhas
Gozag
Hepliaklqana
Kikubaaqudgha
Makhleb
Nemelex Xobeh
Okawaru
Qazlal
Ru
Trog
Uskayaw
Vehumet
Wu Jian
Xom
Yredelemnul
Zin
The Shining One

Shops:
D:1 [


Innate Abilities, Weirdness & Mutations

You can breathe wild blasts of lightning.
Your glossy black scales are hard. (AC +6)
You cannot fit into any form of body armour.
You are resistant to electric shocks. (rElec)
You are cold-blooded and may be slowed by cold attacks.


Message History

The orc warrior struggles against the net.
You slash the orc warrior!
The orc warrior is severely wounded.
The orc warrior struggles against the net.
You catch the helpless orc warrior completely off-guard!
You hit the orc warrior but do no damage.
The orc warrior is severely wounded.
The orc warrior struggles against the net.
You catch the helpless orc warrior completely off-guard!
You hit the orc warrior but do no damage.
You tail-slap the orc warrior, but do no damage.
The orc warrior is severely wounded.
The orc warrior struggles against the net.
You hit the orc warrior.
The orc warrior is severely wounded.
The orc warrior struggles against the net.
The net rips apart, and the orc warrior comes free!
You hit the orc warrior but do no damage.
Your tail-slap misses the orc warrior.
The orc warrior is severely wounded.
The orc warrior hits you but does no damage.
You hit the orc warrior but do no damage.
The orc warrior is severely wounded.
The orc warrior closely misses you.
You hit the orc warrior but do no damage.
Your tail-slap misses the orc warrior.
The orc warrior is severely wounded.
The orc warrior barely misses you.
Activating: Breathe Lightning (5% risk of failure)
Press: ? - help, Dir - look around, f - activate You breathe a wild blast of lightning!
The orb of electricity explodes!
The orb of electricity engulfs you. You resist.
* * * LOW HITPOINT WARNING * * *
The orb of electricity engulfs the orc warrior!!
You kill the orc warrior!
You hear a mighty clap of thunder!
The orb of electricity explodes!
The orb of electricity engulfs you! You resist.
You die...
Your body crumbles into a pile of gold.

#≈≈≈≈≈# #≈≈≈≈≈###
#≈≈≈≈≈≈.#
######.≈≈≈≈≈.#
#......≈≈≈≈≈.#++####
###......≈≈≈≈≈.#.....#
#...)..........'.....#
#∩..∩./).......'..⌠..#
#........@$$...'.....#
###......≈≈≈≈≈.#.....#
#......≈≈≈≈≈.#''####
######.≈≈≈≈≈.#......#
#≈≈≈≈≈≈.#......#
#≈≈≈≈≈######go.#
#≈≈≈≈≈# .8.8. #≈≈≈≈≈#
.... ####


There were no monsters in sight!

Vanquished Creatures
  Sigmund (D:2)
  A water moccasin (D:7)
  2 orc warriors (Bailey)
  An ogre (D:4)
  A hound (D:4)
  2 orc priests (D:3)
  A gnoll shaman (D:4)
  7 gnolls
  2 adders
  2 dart slugs
  10 orcs
  5 bats
  4 endoplasms
  3 giant cockroaches
  10 goblins
  6 ball pythons
  2 frilled lizards (D:1)
  6 kobolds
  4 rats
70 creatures vanquished.

Vanquished Creatures (others)
  3 fungi (D:2)
  5 toadstools (D:2)
8 creatures vanquished.

Grand Total: 78 creatures vanquished

Notes
Turn   | Place    | Note
-------+----------+-------------------------------------------
     0 | D:1      | KristoblXynda the Draconian Gladiator began the quest for
                  | the Orb.
     0 | D:1      | Reached XP level 1. HP: 17/17 MP: 1/1
    18 | D:1      | Found Jorahu's Antique Armour Shop.
   260 | D:1      | Reached XP level 2. HP: 25/25 MP: 2/2
  1444 | D:2      | Noticed Sigmund
  1491 | D:1      | Reached XP level 3. HP: 10/30 MP: 3/3
  1903 | D:2      | Killed Sigmund
  1904 | D:2      | Reached skill level 4 in Long Blades
  1904 | D:2      | Reached XP level 4. HP: 17/40 MP: 4/4
  1904 | D:2      | Reached XP level 5. HP: 20/46 MP: 5/5
  2639 | D:2      | Reached skill level 5 in Long Blades
  3438 | D:3      | Reached XP level 6. HP: 49/52 MP: 6/6
  4537 | D:4      | HP: 2/53 [ogre/+0 giant club (15)]
  4541 | D:4      | Your scales start taking on a glossy black colour.
  4541 | D:4      | Reached XP level 7. HP: 3/60 MP: 7/7
  4541 | D:4      | Gained mutation: You are resistant to electric shocks.
                  | (rElec) [Black Draconian growth]
  5036 | D:4      | You fall into a shaft and drop 3 floors!
  5070 | D:7      | Found a staircase to the Ecumenical Temple.
  5078 | Temple   | Entered the Ecumenical Temple
  5101 | Temple   | Became a worshipper of Gozag Ym Sagoz the Greedy
  5367 | D:7      | Reached skill level 6 in Long Blades
  5370 | D:7      | Found a flagged portal.
  5488 | Bailey   | Entered a bailey
  5649 | Bailey   | Reached skill level 5 in Fighting
  6163 | Bailey   | Killed themself with a badly aimed orb of electricity

Illustrated notes

Levels and vault maps discovered:
D:1:      amcnicky_arrival_gap_in_the_tavern_cellar, layout_basic, serial_shops,
          shop, chequers_serial_rivers_small_a, chequers_serial_rivers_room_b,
          minmay_octomino_j4
D:2:      layout_loops_cross, minmay_gold_behind_fungi, uniq_sigmund
D:3:      layout_loops_ring
D:4:      layout_basic
D:7:      minmay_recursive_quarters, layout_basic,
          minmay_temple_entry_drinking_statues, enter_bailey_8, uniq_joseph
Temple:   nicolae_temple_the_god_donut
Bailey:   bailey_axe_of_yendor_kennysheep, bailey

Skill      XL: |  1  2  3  4  5  6  7 |
---------------+----------------------+-----
Throwing       | 2 |  2.0
Dodging        | 3 4 |  4.5
Fighting       | 3 4 5 |  5.0
Long Blades    | 4 5 6 |  6.4

Action                   |  1- 3 |  4- 6 |  7- 9 || total
-------------------------+-------+-------+-------++-------
Melee: Long sword        |    21 |       |       ||    21
       Tailslap          |     6 |    15 |     5 ||    26
       Scimitar          |    61 |   132 |    38 ||   231
       Punch             |     1 |       |       ||     1
Throw: Throwing net      |     1 |     1 |     1 ||     3
 Abil: Breathe Lightning |       |       |     1 ||     1
Evoke: Wand              |       |       |     2 ||     2
  Use: Scroll            |     1 |       |     7 ||     8
 Stab: Sleeping          |       |     2 |       ||     2
       Held in net/web   |       |       |     2 ||     2
Armor: Skin              |    29 |    37 |     6 ||    72
Dodge: Dodged            |    61 |    86 |    19 ||   166

Table legend: (Time is in decaauts)
 A = Elapsed time spent in this place.
 B = Non-inter-level travel time spent in this place.
 C = Inter-level travel time spent in this place.
 D = Time resting spent in this place.
 E = Time spent auto-exploring this place.
 F = Levels seen in this place.
 G = Mean time per level.
                   A        B        C        D        E       F      G
               +--------+--------+--------+--------+--------+-----+--------+
         Total |   6211 |   5989 |    222 |   2649 |   2520 |   7 |  887.3 |
       Dungeon |   5278 |   5073 |    205 |   2073 |   2308 |   5 | 1055.6 |
        Temple |    254 |    237 |     17 |      0 |    212 |   1 |  254.0 |
        Bailey |    677 |    677 |      0 |    576 |      0 |   1 |  677.0 |
               +--------+--------+--------+--------+--------+-----+--------+

Top non-repeatable levels by time:
     D:1: 2068 daAuts
     D:2: 1318 daAuts
     D:4: 942 daAuts
     D:3: 751 daAuts
  Bailey: 677 daAuts
  Temple: 254 daAuts
     D:7: 197 daAuts
